 Dungeon Crawl Stone Soup version 0.28-a0-1347-g113dc556a4 (webtiles) character file.

Game seed: 14111279443112453238

135 bande the Covered (level 5, -1/33 HPs)
             Began as a Gargoyle Fighter on Dec 29, 2021.
             Slain by a wight (12 damage)
             ... on level 3 of the Dungeon.
             The game lasted 00:03:55 (2790 turns).

bande the Covered (Gargoyle Fighter)                Turns: 2790, Time: 00:03:55

Health: -1/33      AC: 16    Str: 19    XL:     5   Next: 18%
Magic:  5/5        EV:  7    Int:  9    God:
Gold:   130        SH:  4    Dex: 11    Spells: 4/4 levels left

rFire   . . .      SeeInvis .   a - +1 war axe
rCold   . . .      Faith    .   c - +0 buckler
rNeg    + . .      Spirit   .   i - +0 chain mail
rPois   ∞          Reflect  .   (no helmet)
rElec   +          Harm     .   (no cloak)
rCorr   .          Rampage  .   (no gloves)
Will    .....                   h - +2 pair of boots
Stlth   ..........              (no amulet)
HPRegen 0.11/turn               (no ring)
MPRegen 0.09/turn               (no ring)

@: no status effects
A: sickness immunity, AC +4, negative energy resistance 1, electricity
resistance, torment resistance 1, petrification resistance
a: no special abilities


You were on level 3 of the Dungeon.
You visited 1 branch of the dungeon, and saw 4 of its levels.

You collected 130 gold pieces.

Inventory:

Hand Weapons
 a - a +1 war axe (weapon)
 k - a +0 flail
Armour
 c - a +0 buckler (worn)
 h - a +2 pair of boots (worn)
 i - a +0 chain mail (worn)
Jewellery
 e - an amulet of the acrobat
 j - a ring of positive energy
 l - a ring of positive energy
Scrolls
 f - a scroll of identify
 m - a scroll of teleportation
 n - a scroll of magic mapping {unknown}
 o - a scroll of enchant armour {unknown}
Potions
 b - 4 potions of curing
 d - a potion of might
 g - 2 potions of cancellation


   Skills:
 + Level 3.8 Fighting
 + Level 3.2 Axes
 + Level 4.5 Armour
 + Level 3.7 Shields


You had 4 spell levels left.
You didn't know any spells.
Your spell library contained the following spells:

 Spells                   Type           Power      Damage    Failure   Level
 Ozocubu's Armour         Ice            0%         N/A       100%        3
 Passage of Golubria      Tloc           0%         N/A       100%        4
 Metabolic Englaciation   Hex/Ice        0%         N/A       100%        5
 Silence                  Hex/Air        0%         N/A       100%        5
 Simulacrum               Ice/Necr       0%         N/A       100%        6
 Lehudib's Crystal Spear  Conj/Erth      0%         10d2      100%        8


Dungeon Overview and Level Annotations

Branches:
Dungeon (4/15)
 Temple: D:4-7

Altars:
Sif Muna


Innate Abilities, Weirdness & Mutations

You are immune to sickness and miasma.
Your stone body is resilient. (AC +4)
You are immune to poison.
You resist negative energy. (rN+)
You are resistant to electric shocks. (rElec)
You are resistant to unholy torment.
You are immune to petrification.


Message History

You hit the wight.
The wight is lightly damaged.
You block the wight's attack. x2
You barely miss the wight.
The wight is lightly damaged.
A goblin comes into view. It is wielding a +0 dagger.
The wight hits you but does no damage.
The goblin shouts!
You hit the wight.
The wight is moderately damaged.
The wight hits you but does no damage.
A wight comes into view. It is wielding a +0 spear.
A wight comes into view. It is wielding a +3 falchion.
An iguana comes into view.
The iguana hisses angrily.
There is a stone staircase leading up here.
You climb upwards.
There is a stone staircase leading down here.
You start resting.
HP restored.
You climb downwards.
The wight hits you with a +1 hand axe of freezing.
The wight freezes you. The wight hits you but does no damage.
There is a stone staircase leading up here.
The wight hits you with a +4 long sword.
The wight hits you with a +1 hand axe of freezing.
The wight freezes you.
You climb upwards.
There is a stone staircase leading down here.
Your chain mail prevents you from hitting the wight.
You closely miss the wight.
The wight hits you with a +4 long sword.
You block the wight's attack.
Unknown command.
You hit the wight but do no damage. You hit the wight.
The wight hits you but does no damage.
The wight hits you with a +1 hand axe of freezing!
The wight freezes you.
The wight hits you with a +4 long sword!
You die...

#≈≈...≈≈###.....
#≈≈≈≈≈≈≈#..##...
##≈≈≈≈≈##..##...
#######....#..# #.#
#.#..#... ##.# #.##...#.
####..####........
#####z......##........
##...z@.......#.......#
##.....................#
#......................#
#......................#
#...)..^.......#.......#
#.............###......#
#......÷...#### ##..#..#
##.........# #####.#
##........## #..


You could see 2 wights.

Vanquished Creatures
  Terence (D:2)
  4 adders (D:2)
  3 worms
  2 dart slugs
  7 ball pythons
  4 bats
  9 endoplasms
  8 goblins
  5 hobgoblins
  2 quokkas
  5 frilled lizards (D:1)
  9 kobolds
  6 rats
65 creatures vanquished.

Vanquished Creatures (others)
  A fungus (D:1)
  4 toadstools (D:4)
5 creatures vanquished.

Grand Total: 70 creatures vanquished

Notes
Turn   | Place    | Note
-------+----------+-------------------------------------------
     0 | D:1      | bande the Gargoyle Fighter began the quest for the Orb.
     0 | D:1      | Reached XP level 1. HP: 14/14 MP: 1/1
   230 | D:1      | Reached XP level 2. HP: 19/19 MP: 2/2
   638 | D:1      | Found a faded altar of an unknown god.
   638 | D:1      | Noticed a red devil
   709 | D:1      | Reached XP level 3. HP: 9/23 MP: 3/3
  1404 | D:2      | Reached skill level 4 in Armour
  1525 | D:2      | Reached XP level 4. HP: 24/29 MP: 4/4
  1816 | D:2      | Noticed Terence
  1831 | D:2      | Killed Terence
  2174 | D:2      | Reached XP level 5. HP: 33/33 MP: 5/5
  2678 | D:3      | Found a shimmering blue altar of Sif Muna.
  2790 | D:3      | Slain by a wight

Illustrated notes

Levels and vault maps discovered:
D:1:      evilmike_arrival_crescent, layout_rooms,
          dreamdust_ecumenical_altar_sealed_demon, corner_web_ring,
          amcnicky_mini_rare_corridor_liquid, minivault_24, st_stairs_4,
          hangedman_abyss_or_decor_lesser_grid, minmay_misc_feat_plants,
          interstate_on_off, minmay_splitting_lines
D:2:      layout_rooms, st_stairs_6, uniq_terence
D:3:      layout_rooms, led_sif_pool, minmay_misc_feat_more_columns
D:4:      cheibrodos_fertilizer, layout_loops_ring,
          minmay_temple_entry_drinking_statues, minmay_joined_circles

Skill      XL: |  1  2  3  4 |
---------------+-------------+-----
Axes           | 2 3 |  3.2
Armour         | 4 |  4.5
Fighting       | |  3.8
Shields        | |  3.7

Action                   |  1- 3 |  4- 6 || total
-------------------------+-------+-------++-------
Melee: War axe           |   103 |    78 ||   181
  Use: Scroll            |     4 |     2 ||     6
Armor: Scale mail        |    60 |       ||    60
       Chain mail        |       |    50 ||    50
Dodge: Dodged            |    55 |    17 ||    72
Block: Buckler           |    31 |    16 ||    47

Table legend: (Time is in decaauts)
 A = Elapsed time spent in this place.
 B = Non-inter-level travel time spent in this place.
 C = Inter-level travel time spent in this place.
 D = Time resting spent in this place.
 E = Time spent auto-exploring this place.
 F = Levels seen in this place.
 G = Mean time per level.
                   A        B        C        D        E       F      G
               +--------+--------+--------+--------+--------+-----+--------+
         Total |   2861 |   2831 |     30 |    389 |   1828 |   4 |  715.2 |
       Dungeon |   2861 |   2831 |     30 |    389 |   1828 |   4 |  715.2 |
               +--------+--------+--------+--------+--------+-----+--------+

Top non-repeatable levels by time:
     D:1: 1408 daAuts
     D:2: 877 daAuts
     D:3: 527 daAuts
     D:4: 48 daAuts
